 Dungeon Crawl Stone Soup version 0.18-a0-902-g8738618 (webtiles) character file.

15 Jmtri7 the Ducker (level 2, -4/14 HPs)
             Began as a Spriggan Transmuter on Dec 24, 2015.
             Slain by a kobold
             ... wielding a +0 short sword
              (6 damage)
             ... on level 1 of the Dungeon.
             The game lasted 00:03:14 (565 turns).

Jmtri7 the Ducker (Spriggan Transmuter)              Turns: 565, Time: 00:03:15

Health: -4/14      AC:  2    Str:  6    XL:     2   Next: 34%
Magic:  6/6        EV: 18    Int: 14    God:
Gold:   32         SH:  0    Dex: 16    Spells: 1 memorised, 5 levels left

rFire  . . .     SeeInvis +     h - +0 dagger (elec)
rCold  . . .     Gourm    .     b - +0 robe
rNeg   . . .     Faith    .     (shield restricted)
rPois  .         Spirit   .     (helmet restricted)
rElec  .         Dismiss  .     (no cloak)
rCorr  .         Reflect  .     (gloves unavailable)
SustAt .         Harm     .     (boots unavailable)
MR     .....                    (no amulet)
Stlth  +++.......               (no ring)
                                (no ring)

@: very quick, not resistant to hostile enchantments, fairly stealthy
A: unfitting armour, see invisible, herbivore 3, speed 3, slow metabolism 2
a: no special abilities


You were on level 1 of the Dungeon.
You were not hungry.

You visited 1 branch of the dungeon, and saw 1 of its levels.

You collected 32 gold pieces.

Inventory:

Hand Weapons
 h - a +0 dagger of electrocution (weapon)
Missiles
 a - 12 arrows
Armour
 b - a +0 robe (worn)
Potions
 e - a potion of might {unknown}
 g - a potion of resistance {unknown}
Books
 c - a book of Changes

   Spells                             Type                      Level
   a - Beastly Appendage              Transmutation                1
   b - Sticks to Snakes               Transmutation                2
   c - Spider Form                    Transmutation/Poison         3
   d - Ice Form                       Ice/Transmutation            4
   e - Blade Hands                    Transmutation                5
Comestibles
 d - a bread ration
 f - a slice of pizza


   Skills:
 - Level 0.7 Fighting
 - Level 3.2 Dodging
 + Level 3.1 Stealth
 - Level 2.4 Unarmed Combat
 - Level 2.6 Spellcasting
 - Level 2.6 Transmutations


You had 5 spell levels left.
You knew the following spells:

 Your Spells              Type           Power        Failure   Level  Hunger
a - Beastly Appendage     Trmt           #.....       10%         1    #......


Dungeon Overview and Level Annotations

Branches:
Dungeon (1/15)

Altars:


Innate Abilities, Weirdness & Mutations

You are tiny and cannot use many weapons and most armour.
You have supernaturally acute eyesight.
You are a herbivore.
You cover ground extremely quickly.
You need consume almost no food.


Message History

You miss the kobold. The kobold closely misses you.
You hit the kobold but do no damage.
There is a sudden explosion of sparks!
You kill the kobold!
The kobold throws a stone.
The stone completely misses you.
You hit the kobold but do no damage. The kobold closely misses you.
You hit the kobold.
There is a sudden explosion of sparks!
You kill the kobold!
You start resting.
A kobold comes into view. It is wielding a short sword.
A kobold is nearby!
You barely miss the kobold.
The kobold shouts!
The kobold hits you with a short sword.
You closely miss the kobold. The kobold hits you with a short sword.
* * * LOW HITPOINT WARNING * * *
You hit the kobold but do no damage. The kobold misses you.
You hit the kobold.
The kobold is moderately wounded.
The kobold hits you with a short sword.
You die...

.# #...... #...........
.##.#.........##.........
....#.....###.##.........
######.#..###.....#.##.........
#......#..........#.######.....
#.##...#..........#.# #.###.
#.##.>............#.# #.....
..##.#.#.#........#.# #######.
######.#.#......@..((.####.......
...............#K####)...........
######.#.......#.# #............
.....#.........#.# #............
####.#........ #.# #............
...........#.. #.# ##............
...........#.. #................#
########.### #................#
...... ... ...............#


You could see a kobold.

Vanquished Creatures
  4 hobgoblins (D:1)
  4 kobolds (D:1)
  4 bats (D:1)
  A giant newt (D:1)
  A goblin (D:1)
  A rat (D:1)
15 creatures vanquished.

Notes
Turn   | Place    | Note
--------------------------------------------------------------
     0 | D:1      | Jmtri7 the Spriggan Transmuter began the quest for the Orb.
     0 | D:1      | Reached XP level 1. HP: 9/9 MP: 5/5
   182 | D:1      | Reached skill level 1 in Stealth
   315 | D:1      | Reached XP level 2. HP: 9/14 MP: 6/6
   565 | D:1      | Slain by a kobold

Vault maps used:
D:1:      minmay_arrival_pointy

Action                   || total
-------------------------++-------
Melee: Unarmed           ||    23
       Dagger            ||    32
